NCAA
BOSTON COLLEGE EAGLES @ OREGON STATE BEAVERS
04/29/2029
 
TOP OF THE 1ST
Boston College Eagles batting - Pitching for Oregon State Beavers : LHP Sterling Jones
Pitching: LHP Sterling Jones
Batting: RHB Jim Banks 0-0: Foul Ball, location: 2F
0-1: Ball
1-1: Called Strike
1-2: Ball
2-2: Foul Ball, location: 2F
2-2: Strikes out swinging
Pitching: RHP John Womack
Batting: SHB Marvin MacGeoch 0-0: Ball
1-0: Ball
2-0: Ball
3-0: Base on Balls
Batting: LHB Rafael Yan 0-0: Called Strike
0-1: Swinging Strike
0-2: Ball
1-2: Strikes out swinging
Batting: SHB Ralph Alfonzo 0-0: Called Strike
0-1: Swinging Strike
0-2: Strikes out looking
Top of the 1st over - 0 runs, 0 hits, 0 errors, 1 left on base; Boston College 0 - Oregon State 0
BOTTOM OF THE 1ST
Oregon State Beavers batting - Pitching for Boston College Eagles : RHP Dave White
Pitching: RHP Dave White
Batting: RHB Travis Jackson 0-0: Called Strike
0-1: Ground out 5-3 (Groundball, 56S)
Batting: RHB Wilson Serrano 0-0: Called Strike
0-1: Ball
1-1: Foul Ball, location: 2F
1-2: Foul Ball, location: 2F
1-2: Ball
2-2: Ball
3-2: Foul Ball, location: 2F
3-2: Foul Ball, location: 2F
3-2: Base on Balls
Batting: RHB Michael Kissinger 0-0: Swinging Strike
0-1: Fly out, F9 (Line Drive, 9D)
Batting: LHB Jon Jackson 0-0: Ball
1-0: Swinging Strike
1-1: Ground out 4-3 (Groundball, 4)
Bottom of the 1st over - 0 runs, 0 hits, 0 errors, 1 left on base; Boston College 0 - Oregon State 0
TOP OF THE 2ND
Boston College Eagles batting - Pitching for Oregon State Beavers : RHP John Womack
Batting: SHB Walt Gómez 0-0: Called Strike
0-1: Ball
1-1: Fly out, F7 (Flyball, 78S)
Batting: RHB Steve Neal 0-0: Ball
1-0: Ball
2-0: Ball
3-0: Called Strike
3-1: Base on Balls
Batting: LHB Porter Butler 0-0: Ball
Steve Neal steals 2nd base
1-0: Called Strike
1-1: Ball
2-1: Swinging Strike
2-2: Ball
3-2: Foul Ball, location: 2F
3-2: Foul Ball, location: 2F
3-2: Ground out 6-3 (Groundball, 6)
Batting: SHB Héctor Arteago 0-0: Called Strike
0-1: Ball
1-1: Called Strike
1-2: Ball
2-2: Ground out 5-3 (Groundball, 56)
Top of the 2nd over - 0 runs, 0 hits, 0 errors, 1 left on base; Boston College 0 - Oregon State 0
BOTTOM OF THE 2ND
Oregon State Beavers batting - Pitching for Boston College Eagles : RHP Dave White
Batting: RHB Lance Fullerton 0-0: Called Strike
0-1: Called Strike
0-2: DOUBLE (Line Drive, 78D)
Batting: SHB Brandon Hathaway 0-0: Ball
1-0: Ball
2-0: Called Strike
2-1: Called Strike
2-2: Ball
3-2: Base on Balls
Batting: RHB Julius Sears 0-0: Fly out, F7 (Flyball, 7)
Batting: SHB Luis Rodríguez 0-0: Called Strike
0-1: Foul Ball, location: 2F
0-2: Fly out, F7 (Flyball, 7)
Batting: RHB Bert Smith 0-0: Ball
1-0: Reached on error, E8 (Line Drive, 8RD)
Lance Fullerton scores
Brandon Hathaway to third
Batting: RHB Travis Jackson 0-0: Ball
1-0: Ball
2-0: 3-RUN HOME RUN (Flyball, 7D), Distance : 369 ft
Batting: RHB Wilson Serrano 0-0: Called Strike
0-1: SINGLE (Flyball, 78S) - OUT at second base trying to stretch hit.
Bottom of the 2nd over - 4 runs, 3 hits, 1 error, 0 left on base; Boston College 0 - Oregon State 4
TOP OF THE 3RD
Boston College Eagles batting - Pitching for Oregon State Beavers : RHP John Womack
Batting: RHB Doug Becker 0-0: Foul Ball, location: 2F
0-1: Ball
1-1: Ball
2-1: Swinging Strike
2-2: Fly out, F7 (Flyball, 7LD)
Batting: RHB Jim Banks 0-0: Called Strike
0-1: Ball
1-1: Ball
2-1: Foul Ball, location: 2F
2-2: Strikes out looking
Batting: SHB Marvin MacGeoch 0-0: Ball
1-0: Foul Ball, location: 2F
1-1: Ball
2-1: Ball
3-1: Base on Balls
Batting: LHB Rafael Yan 0-0: Swinging Strike
0-1: Ball
1-1: Foul Ball, location: 2F
1-2: Ball
2-2: Ball
3-2: Base on Balls
Marvin MacGeoch to second
Batting: SHB Ralph Alfonzo 0-0: Ball
1-0: Ball
2-0: Ball
3-0: Called Strike
3-1: SINGLE (Line Drive, 89S)
Marvin MacGeoch to third
Rafael Yan to second
Runner from 3rd tries for Home, SAFE, no throw
Batting: SHB Walt Gómez 0-0: Called Strike
0-1: Called Strike
0-2: Ball
1-2: Foul Ball, location: 2F
1-2: Strikes out swinging
Top of the 3rd over - 1 run, 1 hit, 0 errors, 2 left on base; Boston College 1 - Oregon State 4
BOTTOM OF THE 3RD
Oregon State Beavers batting - Pitching for Boston College Eagles : RHP Dave White
Batting: RHB Michael Kissinger 0-0: Ball
1-0: Called Strike
1-1: Foul Ball, location: 2F
1-2: Foul Ball, location: 2F
1-2: Foul Ball, location: 2F
1-2: Strikes out swinging
Batting: LHB Jon Jackson 0-0: SINGLE (Line Drive, 9LS)
Batting: RHB Lance Fullerton 0-0: Swinging Strike
0-1: Fly out, F8 (Flyball, 8RD)
Batting: SHB Brandon Hathaway 0-0: Called Strike
0-1: Ball
1-1: Ball
2-1: Foul Ball, location: 2F
2-2: SINGLE (Flyball, 9LS)
Jon Jackson to second
Runner from 2nd tries for 3rd, SAFE, throw made to third
Batting: RHB Julius Sears 0-0: Swinging Strike
0-1: Ball
1-1: Ball
Wild Pitch!
Jon Jackson scores
Brandon Hathaway to second
2-1: Foul Ball, location: 2F
2-2: Ball
3-2: Foul Ball, location: 2F
3-2: Fly out, F7 (Flyball, 7LM)
Bottom of the 3rd over - 1 run, 2 hits, 0 errors, 1 left on base; Boston College 1 - Oregon State 5
TOP OF THE 4TH
Boston College Eagles batting - Pitching for Oregon State Beavers : RHP John Womack
Batting: RHB Steve Neal 0-0: Ball
1-0: Foul Ball, location: 2F
1-1: Swinging Strike
1-2: Ball
2-2: Foul Ball, location: 2F
2-2: Foul Ball, location: 2F
2-2: Ball
3-2: Base on Balls
Pitching: RHP Paul Gallagher
Batting: LHB Porter Butler 0-0: Ball
1-0: SINGLE (Groundball, 34) (infield hit)
Steve Neal to second
Batting: SHB Héctor Arteago 0-0: Ball
1-0: Fly out, F9 (Flyball, 9)
Batting: RHB Doug Becker 0-0: Ball
Steve Neal is caught stealing 3rd base
1-0: Foul Ball, location: 2F
1-1: Ground out 4-3 (Groundball, 34)
Top of the 4th over - 0 runs, 1 hit, 0 errors, 1 left on base; Boston College 1 - Oregon State 5
BOTTOM OF THE 4TH
Oregon State Beavers batting - Pitching for Boston College Eagles : RHP Dave White
Batting: SHB Luis Rodríguez 0-0: Foul Ball, location: 2F
0-1: Foul Ball, location: 2F
0-2: Ball
1-2: Ball
2-2: Ground out 4-3 (Groundball, 4)
Batting: RHB Bert Smith 0-0: Ball
1-0: Called Strike
1-1: Foul Ball, location: 2F
1-2: Ball
2-2: Foul Ball, location: 2F
2-2: Ball
3-2: Fly out, F9 (Flyball, 9LM)
Batting: RHB Travis Jackson 0-0: Ball
1-0: Foul Ball, location: 2F
1-1: Ball
2-1: Ball
3-1: Called Strike
3-2: Foul Ball, location: 2F
3-2: Base on Balls
Batting: RHB Wilson Serrano 0-0: Called Strike
0-1: Ball
1-1: DOUBLE (Groundball, 5L)
Travis Jackson to third
Runner from 3rd tries for Home, SAFE, no throw
Batting: RHB Michael Kissinger 0-0: Ball
1-0: Called Strike
1-1: Ball
2-1: Foul Ball, location: 2F
2-2: DOUBLE (Flyball, 8LD)
Wilson Serrano scores
Pitching: RHP Mike Heath
Batting: LHB Jon Jackson 0-0: Ball
1-0: Swinging Strike
1-1: Ball
2-1: Fly out, F6 (Popup, 6MS)
Bottom of the 4th over - 2 runs, 2 hits, 0 errors, 1 left on base; Boston College 1 - Oregon State 7
TOP OF THE 5TH
Boston College Eagles batting - Pitching for Oregon State Beavers : RHP Paul Gallagher
Batting: RHB Jim Banks 0-0: Called Strike
0-1: Foul Ball, location: 2F
0-2: Hit by Pitch
Batting: SHB Marvin MacGeoch 0-0: Called Strike
0-1: Ball
1-1: Called Strike
1-2: Ball
2-2: Fly out, F9 (Flyball, 89D)
Batting: LHB Rafael Yan 0-0: Ball
1-0: Foul Ball, location: 2F
1-1: Called Strike
Jim Banks steals 2nd base
1-2: Ball
2-2: Foul Ball, location: 2F
2-2: Foul Ball, location: 2F
2-2: Foul Ball, location: 2F
2-2: Ball
3-2: Foul Ball, location: 2F
3-2: Ground out 3-1 (Groundball, 34)
Jim Banks to third
Batting: SHB Ralph Alfonzo 0-0: Fly out, F7 (Flyball, 7LS)
Top of the 5th over - 0 runs, 0 hits, 0 errors, 1 left on base; Boston College 1 - Oregon State 7
BOTTOM OF THE 5TH
Oregon State Beavers batting - Pitching for Boston College Eagles : RHP Mike Heath
Batting: RHB Lance Fullerton 0-0: Called Strike
0-1: Swinging Strike
0-2: Ball
1-2: Strikes out swinging
Batting: SHB Brandon Hathaway 0-0: Called Strike
0-1: Ball
1-1: Ball
2-1: Foul Ball, location: 2F
2-2: Ground out 4-3 (Groundball, 34D)
Batting: RHB Julius Sears 0-0: Swinging Strike
0-1: Called Strike
0-2: Strikes out swinging
Bottom of the 5th over - 0 runs, 0 hits, 0 errors, 0 left on base; Boston College 1 - Oregon State 7
TOP OF THE 6TH
Boston College Eagles batting - Pitching for Oregon State Beavers : RHP Paul Gallagher
Batting: SHB Walt Gómez 0-0: Ball
1-0: Fly out, F7 (Flyball, 7LMF)
Batting: RHB Steve Neal 0-0: Ball
1-0: Ground out 4-3 (Groundball, 4)
Batting: LHB Porter Butler 0-0: Ball
1-0: Ball
2-0: Called Strike
2-1: SINGLE (Flyball, 8LS)
Batting: SHB Héctor Arteago 0-0: Ball
1-0: Ball
2-0: Ball
3-0: Base on Balls
Porter Butler to second
Batting: RHB Doug Becker 0-0: Ball
1-0: Reached on error, E6 (Groundball, 6S)
Porter Butler scores
Héctor Arteago to third
Batting: RHB Jim Banks 0-0: Ball
1-0: Ball
2-0: Ball
3-0: Called Strike
3-1: Ground out 6-3 (Groundball, 6)
Top of the 6th over - 1 run, 1 hit, 1 error, 2 left on base; Boston College 2 - Oregon State 7
BOTTOM OF THE 6TH
Oregon State Beavers batting - Pitching for Boston College Eagles : RHP Mike Heath
Batting: SHB Luis Rodríguez 0-0: Ball
1-0: Ball
2-0: Ball
3-0: Called Strike
3-1: Base on Balls
Batting: RHB Bert Smith 0-0: Foul Ball, location: 2F
0-1: Foul Ball, location: 2F
0-2: Ball
1-2: Ball
2-2: Ground out 5-3 (Groundball, 56S)
Luis Rodríguez to second
Batting: RHB Travis Jackson 0-0: Ball
1-0: Foul Ball, location: 2F
1-1: Foul Ball, location: 2F
1-2: Ball
2-2: Ball
3-2: Base on Balls
Batting: RHB Wilson Serrano 0-0: Foul Ball, location: 2F
0-1: Ball
1-1: Foul Ball, location: 2F
1-2: Ball
2-2: Foul Ball, location: 2F
2-2: Strikes out swinging
Batting: RHB Michael Kissinger 0-0: Ball
1-0: Called Strike
1-1: Swinging Strike
1-2: Strikes out swinging
Bottom of the 6th over - 0 runs, 0 hits, 0 errors, 2 left on base; Boston College 2 - Oregon State 7
TOP OF THE 7TH
Boston College Eagles batting - Pitching for Oregon State Beavers : RHP Paul Gallagher
Batting: SHB Marvin MacGeoch 0-0: Called Strike
0-1: Ball
1-1: Ball
2-1: Ball
3-1: Foul Ball, location: 2F
3-2: Foul Ball, location: 2F
3-2: Ground out 4-3 (Groundball, 4M)
Batting: LHB Rafael Yan 0-0: Swinging Strike
0-1: Swinging Strike
0-2: Ball
1-2: Ball
2-2: Strikes out looking
Batting: SHB Ralph Alfonzo 0-0: Called Strike
0-1: Called Strike
0-2: Ball
1-2: Ball
2-2: Foul Ball, location: 2F
2-2: Ball
3-2: Base on Balls
Pitching: RHP Glenn Jackson
Batting: SHB Walt Gómez 0-0: Ball
1-0: Called Strike
1-1: Swinging Strike
1-2: Strikes out swinging
Top of the 7th over - 0 runs, 0 hits, 0 errors, 1 left on base; Boston College 2 - Oregon State 7
BOTTOM OF THE 7TH
Oregon State Beavers batting - Pitching for Boston College Eagles : RHP Mike Heath
Batting: LHB Jon Jackson 0-0: Called Strike
0-1: Swinging Strike
0-2: Ball
1-2: Ball
2-2: Foul Ball, location: 2F
2-2: Fly out, F8 (Flyball, 8RM)
Batting: RHB Lance Fullerton 0-0: Ball
1-0: Ball
2-0: SINGLE (Line Drive, 78M)
Batting: SHB Brandon Hathaway 0-0: Ball
1-0: Fly out, F7 (Flyball, 78M)
Batting: RHB Julius Sears 0-0: SINGLE (Groundball, 6D)
Lance Fullerton to second
Batting: SHB Luis Rodríguez 0-0: Called Strike
0-1: Called Strike
0-2: Foul Ball, location: 2F
0-2: Ball
1-2: Strikes out looking
Bottom of the 7th over - 0 runs, 2 hits, 0 errors, 2 left on base; Boston College 2 - Oregon State 7
TOP OF THE 8TH
Boston College Eagles batting - Pitching for Oregon State Beavers : RHP Glenn Jackson
Now in RF: Ed Edmonds
Batting: RHB Steve Neal 0-0: Called Strike
0-1: Called Strike
0-2: Ball
1-2: Foul Ball, location: 2F
1-2: Foul Ball, location: 2F
1-2: Strikes out swinging
Batting: LHB Porter Butler 0-0: Ball
1-0: Called Strike
1-1: Called Strike
1-2: Ball
2-2: Ball
3-2: Fly out, F8 (Line Drive, 8RS)
Batting: SHB Héctor Arteago 0-0: Called Strike
0-1: Called Strike
0-2: Foul Ball, location: 2F
0-2: Ball
1-2: Fly out, F9 (Flyball, 89S)
Top of the 8th over - 0 runs, 0 hits, 0 errors, 0 left on base; Boston College 2 - Oregon State 7
BOTTOM OF THE 8TH
Oregon State Beavers batting - Pitching for Boston College Eagles : RHP Mike Heath
Batting: RHB Bert Smith 0-0: Ball
1-0: Ball
2-0: Called Strike
2-1: Ball
3-1: Called Strike
3-2: Foul Ball, location: 2F
3-2: Base on Balls
Pitching: RHP Clifford English
Batting: RHB Travis Jackson 0-0: Ball
1-0: Fly out, F7 (Flyball, 7LD)
Batting: RHB Wilson Serrano 0-0: Ball
Bert Smith is caught stealing 2nd base
1-0: Ground out 5-3 (Groundball, 56S)
Bottom of the 8th over - 0 runs, 0 hits, 0 errors, 0 left on base; Boston College 2 - Oregon State 7
TOP OF THE 9TH
Boston College Eagles batting - Pitching for Oregon State Beavers : RHP Glenn Jackson
Batting: RHB Doug Becker 0-0: SINGLE (Line Drive, 8RS)
Batting: RHB Jim Banks 0-0: Ball
1-0: Ball
2-0: Ball
3-0: Called Strike
3-1: Base on Balls
Doug Becker to second
Batting: SHB Marvin MacGeoch 0-0: Ball
1-0: Ball
2-0: Grounds into double play, 3-6-4 (Groundball, 34)
Doug Becker to third
Batting: LHB Rafael Yan 0-0: Called Strike
0-1: Foul Ball, location: 2F
0-2: Ball
1-2: Ground out U3 (Groundball, 3)
Top of the 9th over - 0 runs, 1 hit, 0 errors, 1 left on base; Boston College 2 - Oregon State 7
Saturday, December 16th, 2017 - OOTP Baseball 18.8 Build 76